 Dungeon Crawl Stone Soup version 0.31-a0-949-g57150269e1 (webtiles) character file.

Game seed: 6297866107763751192

77 mattiecakes the Trooper (level 4, -1/42 HPs)
             Began as a Minotaur Berserker on Oct 22, 2023.
             Was a Believer of Trog.
             Succumbed to Terence's poison
             ... on level 2 of the Dungeon.
             The game lasted 00:04:38 (1366 turns).

mattiecakes the Trooper (Minotaur Berserker)        Turns: 1366, Time: 00:04:38

Health: -1/42      AC:  5    Str: 23    XL:     4   Next: 13%
Magic:  12/12      EV: 12    Int:  4    God:    Trog [**....]
Gold:   41         SH:  0    Dex: 10    Spells: 3/3 levels left

rFire   + . .        a - +0 hand axe
rCold   . . .        (no shield)
rNeg    . . .        d - +1 leather armour {rF+}
rPois   .            (helmet restricted)
rElec   .            (no cloak)
rCorr   .            (no gloves)
SInv    .            h - +0 pair of boots
Will    .....        (no amulet)
Stlth   +            e - ring of magical power
HPRegen 0.27/turn    (no ring)
MPRegen 0.13/turn

%: no passive effects
@: lethally poisoned (-1 -> -19)
A: horns 2, retaliatory headbutt, hooves 1, mutation resistance 1
a: Renounce Religion, Berserk, Trog's Hand


You were on level 2 of the Dungeon.
You worshipped Trog.
Trog was pleased with you.
You visited 1 branch of the dungeon, and saw 2 of its levels.

You collected 41 gold pieces.

Inventory:

Hand Weapons
 a - a +0 hand axe (weapon)
Armour
 b - a +0 animal skin
 d - a +1 leather armour of fire resistance (worn)
 h - a +0 pair of boots (worn)
Jewellery
 e - a ring of magical power (left hand)
Scrolls
 f - 3 scrolls of identify {unknown}
 k - a scroll of blinking {unknown}
Potions
 g - a potion of attraction {unknown}
 i - a potion of lignification {unknown}
 j - a potion of haste {unknown}


   Skills:
 + Level 5.5 Fighting
 - Level 3.9 Axes
 - Level 2.8 Armour
 - Level 2.5 Dodging


You had 3 spell levels left.
You didn't know any spells.
Your spell library was empty.

Dungeon Overview and Level Annotations

Branches:
Dungeon (2/15)

Altars:
Ashenzari


Innate Abilities, Weirdness & Mutations

You have a pair of horns on your head.
You reflexively headbutt those who attack you in melee.
You have large cloven feet.
You are somewhat resistant to further mutation.


Message History

You feel sick.
Terence shouts, "ATTACK!!!"
Terence closely misses you. You furiously retaliate!
You headbutt Terence! You barely miss Terence.
Terence is almost dead.
You feel sick.
Terence hits you with a +0 mace of venom. x2
You are more poisoned.
You closely miss Terence.
Terence is almost dead.
You feel sick.
Terence hits you with a +0 mace of venom!
* * * LOW HITPOINT WARNING * * *
You are lethally poisoned!
You are too injured to fight recklessly!
You are too injured to fight recklessly!
You are too injured to fight recklessly!
You are too injured to fight recklessly!
You are too injured to fight recklessly!
You are too injured to fight recklessly!
You are too injured to fight recklessly!
You are too injured to fight recklessly!
You are too injured to fight recklessly!
You are too injured to fight recklessly!
You are too injured to fight recklessly!
You are too injured to fight recklessly!
You are too injured to fight recklessly!
You are too injured to fight recklessly!
You are too injured to fight recklessly!
You are too injured to fight recklessly!
You hit Terence.
You kill Terence!
Trog accepts your kill.
* * * LOW HITPOINT WARNING * * *
You feel very sick.
You have reached level 4!
You feel agile.
It was a potion of mutation.
You feel extremely strange.
Your feet thicken and deform.
You feel genetically stable.
You die...

#.......##
###...###
#...####
##......
####### #####
#.##.########
#....
#.....)@....#
#.###
####.######.#
#.# #.# #.#
#.# #.# #.#
##.## #.#
#...## #.#
#..... #.#
#...##
########.#
#####


There were no monsters in sight!

Vanquished Creatures
  Terence (D:2)
  An adder (D:2)
  A worm (D:2)
  A dart slug (D:1)
  2 ball pythons (D:1)
  2 endoplasms
  A giant cockroach (D:2)
  3 goblins
  4 hobgoblins (D:1)
  2 jackals (D:2)
  2 kobolds
  5 quokkas
  5 bats (D:1)
  2 frilled lizards
  2 rats (D:1)
34 creatures vanquished.

Notes
Turn   | Place    | Note
-------+----------+-------------------------------------------
     0 | D:1      | mattiecakes the Minotaur Berserker began the quest for the
                  | Orb.
     0 | D:1      | Reached XP level 1. HP: 19/19 MP: 0/0
   116 | D:1      | Reached XP level 2. HP: 20/27 MP: 1/1
   459 | D:1      | Reached skill level 4 in Fighting
   995 | D:2      | Reached ** piety under Trog
   996 | D:2      | Reached XP level 3. HP: 33/34 MP: 2/2
   998 | D:2      | Found a broken altar of Ashenzari.
  1273 | D:2      | Reached skill level 5 in Fighting
  1355 | D:2      | Noticed Terence
  1365 | D:2      | Killed Terence
  1366 | D:2      | Reached XP level 4. HP: 3/42 MP: 3/3
  1366 | D:2      | Gained mutation: You have large cloven feet. [potion of
                  | mutation]
  1366 | D:2      | Gained mutation: You are somewhat resistant to further
                  | mutation. [potion of mutation]
  1366 | D:2      | Succumbed to Terence's poison

Illustrated notes

Levels and vault maps discovered:
D:1:      denvon_arrival_planthouse, layout_loops_ring
D:2:      layout_loops_ring, serial_shops, shop, basic_altar,
          uniq_crazy_yiuf_cottage, uniq_terence

Skill      XL: |  1  2  3 |
---------------+----------+-----
Fighting       | 4 5 |  5.5
Axes           | |  3.9
Armour         | |  2.8
Dodging        | |  2.5

Action                     |  1- 3 |  4- 6 || total
---------------------------+-------+-------++-------
  Melee: Hand axe          |    82 |       ||    82
         Headbutt          |     7 |       ||     7
    Use: Potion            |       |     1 ||     1
 Armour: Animal skin       |     9 |       ||     9
         Leather armour    |    45 |       ||    45
  Dodge: Dodged            |    49 |       ||    49

Table legend: (Time is in decaauts)
 A = Elapsed time spent in this place.
 B = Non-inter-level travel time spent in this place.
 C = Inter-level travel time spent in this place.
 D = Time resting spent in this place.
 E = Time spent auto-exploring this place.
 F = Levels seen in this place.
 G = Mean time per level.
                   A        B        C        D        E       F      G
               +--------+--------+--------+--------+--------+-----+--------+
         Total |   1374 |   1350 |     24 |     54 |   1062 |   2 |  687.0 |
       Dungeon |   1374 |   1350 |     24 |     54 |   1062 |   2 |  687.0 |
               +--------+--------+--------+--------+--------+-----+--------+

Top non-repeatable levels by time:
     D:1: 950 daAuts
     D:2: 424 daAuts
